woodfighter, chaotic female orcish Cavewoman ---------- #.........| #|........| #|...<....| #|........+ #|..).....| #---------- ##%# # # # # # ---------# |....s@.|# |.*......# --------- woodfighter the Cave Teen Experience level: 5 Strength: 18/03 Dexterity: 14 Constitution: 16 Intelligence: 8 Wisdom: 12 Charisma: 8 Health: 0(41) Energy: 21(21) Def: 7 Gold: 1107 Moves: 2903 Dungeon seed: LdPmo5FJ_l-WZWuc Game ID: woodfighter_1499006987 Your Inventory: Coins $ - 1107 gold pieces Weapons a - a +1 club (weapon in hand) b - a +2 sling (alternate weapon; not wielded) n - a +0 spear Armor q - an uncursed +0 leather armor (being worn) y - a blessed +2 dwarvish cloak (being worn) N - an uncursed +0 pair of iron shoes (being worn) Y - a blessed +0 orcish helm (being worn) Comestibles c - 3 uncursed food rations d - an uncursed tripe ration j - 2 uncursed sprigs of wolfsbane v - a blessed tin of iguana meat Scrolls i - an uncursed scroll of identify p - an uncursed scroll of enchant armor Spellbooks h - an uncursed spellbook of stone to flesh Potions k - an uncursed potion of water x - an uncursed potion of fruit juice A - an uncursed potion of oil D - an uncursed potion of paralysis Wands f - a wand of lightning (0:3) r - a wand of enlightenment (0:15) Tools s - an uncursed blindfold Gems e - 8 uncursed flints (in quiver) Spells and supernatural/magical abilities: Name Level Category Fail Memory W - pray for help -- divine ? -- Your skills at the end: Miscellaneous Skills bare handed combat [Basic] Weapon Skills scimitar [Basic] club [Basic] sling [Basic] Spellcasting Skills Final Attributes: You were piously aligned. You were poison resistant. You had infravision. You were very stealthy. You are dead. Vanquished creatures: a dust vortex a rock mole a puppy a floating eye a dwarf an iguana 2 hill orcs a rabid rat a jitterbug a hobbit a large kobold 7 giant rats a cave spider a yellow mold a gnome a gnome zombie 7 jackals a fox 4 newts a goblin a sewer rat 5 grid bugs 4 lichens a kobold zombie 47 creatures vanquished. Voluntary challenges: You did not adorn yourself with jewelry or accessories. You did not cause conflict. You were not invisible. You did not have reflection. You were not displaced. You used a wielded weapon 61 times, starting on turn 5. You did not use tools. You did not use plumbed fixtures. You did not drink any magical draughts. You were illiterate. You never genocided any monsters. You never polymorphed an object. You never changed form. You used no wishes. You never split a pudding. You never wrote Elbereth's name. You never violated your personal moral code. Dungeon overview: The Dungeons of Doom: levels 1 to 8 Level 1 (locked box) a fountain a long staircase Level 2 (open water) an altar to Anshar stairs to The Gnomish Mines Level 3 a potion shop Level 4 (vault) a sink Level 5 Level 6 an altar to Anu, a fountain Level 7 a fountain Level 8 <- You were here The Gnomish Mines: Level 3 stairs to The Dungeons of Doom History has recorded: On T:1 you entered the Dungeons of Doom to retrieve the Amulet of Yendor! On T:170 you reached level 2 of The Dungeons of Doom. On T:486 you reached level 1 of The Gnomish Mines. On T:501 you reached level 3 of The Dungeons of Doom. On T:713 you advanced to experience level 2. On T:969 you reached level 4 of The Dungeons of Doom. On T:1110 you advanced to experience level 3. On T:1410 you reached level 5 of The Dungeons of Doom. On T:1568 you reached level 6 of The Dungeons of Doom. On T:1836 you advanced to experience level 4. On T:2072 you reached level 7 of The Dungeons of Doom. On T:2676 you advanced to experience level 5. On T:2694 you reached level 8 of The Dungeons of Doom. Score breakdown: Gold: 1107 ( 110 points) Experience: 5 levels ( 400 points) Exploration: 8 levels ( 210 points) Discoveries: 10 items ( 500 points) Variety of kills: 24 monsters ( 1200 points) Major goal: (nothing yet) ( 0 points) Survival: died (score multiplied by 3) Total score: 7260 Latest messages: The giant spider bites! The giant spider moves its spinnerets around you. The web sticks you to the floor. The giant spider bites! The giant spider moves its spinnerets around you. The giant spider bites! The giant spider misses. You hit the giant spider! The giant spider bites! The giant spider moves its spinnerets around you. You hit the giant spider! The giant spider bites! The giant spider moves its spinnerets around you. The giant spider just misses! The giant spider misses. The giant spider bites! The giant spider's bite was poisoned, but it doesn't affect you. The giant spider moves its spinnerets around you. You feel more confident in your weapon skills. You hit the giant spider! The giant spider bites! The giant spider moves its spinnerets around you. You hit the giant spider! The giant spider bites! The giant spider moves its spinnerets around you. The giant spider bites! You die... Final status: Goodbye woodfighter the Cavewoman, killed by a giant spider... You died in The Dungeons of Doom on dungeon level 8 with 7260 points, and 1107 pieces of gold, after 2903 moves. You were level 5 with a maximum of 41 hit points when you died.